 Dungeon Crawl Stone Soup version 0.29.0-13-gc9e81de378 (webtiles) character file.

Game seed: 13934155584693745582

640 mortz the Sneak (level 7, -3/37 HPs)
             Began as a Kobold Conjurer on Sept 10, 2022.
             Slain by a wyvern (10 damage)
             ... on level 4 of the Dungeon.
             The game lasted 00:16:50 (5014 turns).

mortz the Sneak (Kobold Conjurer)                   Turns: 5014, Time: 00:16:51

Health: -3/37      AC:  7    Str:  5    XL:     7   Next: 80%
Magic:  1/11       EV: 14    Int: 21    God:
Gold:   62         SH:  5    Dex: 13    Spells: 5/12 levels left

rFire   . . .      SeeInvis .   q - +2 dagger (venom)
rCold   + . .      Faith    .   (no shield)
rNeg    . . .      Spirit   .   m - +0 leather armour
rPois   .          Reflect  +   z - +1 helmet
rElec   .          Harm     .   (no cloak)
rCorr   .          Rampage  .   (no gloves)
Will    .....                   x - +1 pair of boots
Stlth   ++++......              s - amulet of reflection
HPRegen 0.12/turn               A - ring of protection from cold
MPRegen 0.12/turn               (no ring)

@: no status effects
A: small, no large weapons, nightstalker 3
a: no special abilities


You were on level 4 of the Dungeon.
You visited 1 branch of the dungeon, and saw 5 of its levels.

You collected 211 gold pieces.
You spent 149 gold pieces at shops.

Inventory:

Hand Weapons
 c - a +0 dagger
 d - a +0 dagger
 f - a +0 dagger
 h - a +0 hand axe
 i - a +0 dagger
 l - a +0 dagger
 q - a +2 dagger of venom (weapon)
 u - a +0 short sword
Armour
 a - a +0 robe
 m - a +0 leather armour (worn)
 x - a +1 pair of boots (worn)
 z - a +1 helmet (worn)
Jewellery
 s - an amulet of reflection (around neck)
 y - an amulet of guardian spirit
 A - a ring of protection from cold (left hand)
Wands
 r - a wand of flame (23)
Scrolls
 v - a scroll of butterflies
 w - a scroll of magic mapping {unknown}
Potions
 b - 3 potions of curing
 e - 4 potions of might
 g - 3 potions of degeneration {unknown}
 j - a potion of lignification {unknown}
 k - 3 potions of attraction
 n - a potion of mutation {unknown}
 o - 2 potions of heal wounds {unknown}
 p - a potion of resistance {unknown}
 t - 2 potions of berserk rage {unknown}


   Skills:
 + Level 0.7 Fighting
 + Level 2.4 Short Blades
 + Level 1.8 Armour
 + Level 3.0 Dodging
 + Level 6.3 Stealth
 + Level 3.1 Spellcasting
 * Level 5.7 Conjurations
 * Level 2.5 Translocations


You had 5 spell levels left.
You knew the following spells:

 Your Spells              Type           Power      Damage    Failure   Level
a - Magic Dart            Conj           100%       1d8       1%          1
b - Searing Ray           Conj           54%        2d6       3%          2
c - Iskenderun's Mystic   Conj/Tloc      20%        2d6       36%         4

Your spell library contained the following spells:

 Spells                   Type           Power      Damage    Failure   Level
 Dazzling Flash           Conj/Hex       30%        N/A       19%         3
 Necrotise                Necr           12%        1d4       22%         1
 Vampiric Draining        Necr           3%         2d6       54%         3
 Fulminant Prism          Conj/Hex       7%         3d7       54%         4
 Agony                    Necr           3%         N/A       99%         5
 Conjure Ball Lightning   Conj/Air       7%         3x3d6     100%        6
 Discord                  Hex            1%         N/A       100%        8
 Disjunction              Tloc           7%         N/A       100%        8


Dungeon Overview and Level Annotations

Branches:
Dungeon (5/15) Zot: 24981
 Temple: D:4-7

Altars:

Shops:
D:4 [


Innate Abilities, Weirdness & Mutations

You are small and have problems with some larger weapons.
You are completely attuned to the shadows.


Message History

The arrow hits the centaur.
The centaur shoots an arrow.
The arrow hits you.
You hear an angry hiss.
There is a stone staircase leading up here.
You block the wyvern's attack. x2
You climb upwards.
There is a stone staircase leading down here.
The searing ray hits the wyvern.
The wyvern is lightly wounded. (Press . to maintain the ray.)
The wyvern bites you!
The searing ray hits the wyvern.
The wyvern is moderately wounded.
The wyvern bites you but does no damage.
The wyvern misses you.
The searing ray hits the wyvern!
The wyvern is heavily wounded.
The wyvern barely misses you.
The searing ray hits the wyvern but does no damage.
The wyvern is heavily wounded.
You finish channelling your searing ray.
You block the wyvern's attack. The wyvern closely misses you.
The searing ray hits the wyvern.
The wyvern is severely wounded. (Press . to maintain the ray.)
The wyvern bites you!
The searing ray misses the wyvern.
The wyvern barely misses you.
The wyvern bites you but does no damage.
You are out of magic!
You hit the wyvern but do no damage.
The wyvern is poisoned.
The wyvern is severely wounded.
The wyvern bites you.
You hit the wyvern but do no damage.
The wyvern is severely wounded.
The wyvern barely misses you.
You barely miss the wyvern.
The wyvern is severely wounded.
The wyvern bites you!
* * * LOW HITPOINT WARNING * * *
The wyvern bites you!
You die...

##.#
#........>...##.###...
...#####
###..#####.###.##.#
#### .......#
#..........###.##.#
######.#
#.#............##.# #
#.###.#...#.##.###.##.#
#
#.........#.##.###.##.#
#
#####.#..##.##........#
# #.#..##.##.###.#### #
######.)....@l......# #
#..)).)......######## #
#.######)##### # #.#
#.# # #.# #.# # #.# #.#
# #.# ##.# # #.# #..#
#####.## #.##


You could see a wyvern (very poisoned).

Vanquished Creatures
  A black bear (D:4)
  An ogre (D:5)
  A scorpion (D:4)
  A jelly (D:5)
  2 orc priests
  A hound (D:3)
  2 iguanas
  2 orc wizards
  4 gnolls
  6 adders
  A white imp (D:5)
  3 worms
  3 dart slugs
  6 orcs
  7 endoplasms
  3 giant cockroaches
  10 hobgoblins
  2 jackals (D:1)
  3 quokkas
  5 ball pythons
  2 bats
  5 frilled lizards
  8 goblins
  8 kobolds
  7 rats
94 creatures vanquished.

Notes
Turn   | Place    | Note
-------+----------+-------------------------------------------
     0 | D:1      | mortz the Kobold Conjurer began the quest for the Orb.
     0 | D:1      | Reached XP level 1. HP: 10/10 MP: 3/3
   315 | D:1      | Found a faded altar of an unknown god.
   345 | D:1      | Reached XP level 2. HP: 15/15 MP: 3/5
   578 | D:1      | Reached skill level 3 in Stealth
   581 | D:1      | Learned a level 2 spell: Searing Ray
   717 | D:1      | Reached XP level 3. HP: 19/19 MP: 6/6
  1455 | D:2      | Reached XP level 4. HP: 20/24 MP: 4/7
  1460 | D:2      | Learned a level 4 spell: Iskenderun's Mystic Blast
  1888 | D:2      | Reached skill level 4 in Stealth
  2297 | D:3      | Reached skill level 1 in Short Blades
  2297 | D:3      | Reached XP level 5. HP: 28/28 MP: 2/8
  2427 | D:3      | Reached skill level 5 in Conjurations
  2756 | D:3      | Reached skill level 5 in Stealth
  2756 | D:3      | Reached skill level 1 in Translocations
  2756 | D:3      | Reached XP level 6. HP: 14/32 MP: 1/9
  3929 | D:4      | Reached skill level 1 in Armour
  4133 | D:4      | Noticed a black bear
  4147 | D:4      | Killed a black bear
  4148 | D:4      | Reached XP level 7. HP: 37/37 MP: 3/11
  4400 | D:4      | Found Fakom's Armour Shop.
  4408 | D:4      | Bought a +1 helmet for 149 gold pieces
  4788 | D:5      | Entered Level 5 of the Dungeon
  4790 | D:5      | Reached skill level 6 in Stealth
  5000 | D:5      | Noticed a wyvern
  5014 | D:4      | Slain by a wyvern

Illustrated notes

Levels and vault maps discovered:
D:1:      psy_arrival_basics, layout_loops_ring,
          hellmonk_ecumenical_altar_pennies_from_heaven, st_stairs_2
D:2:      layout_rooms, minmay_misc_feat_nine_boxes, minmay_cut_off
D:3:      layout_basic, kennysheep_generic_room_13
D:4:      layout_loops_ring, serial_shops, nicolae_shop_crystal,
          minmay_misc_feat_tiny, hangedman_abyss_or_decor_stagger
D:5:      layout_rooms, minmay_temple_entry_ruins, serial_shops, shop,
          mrwooster_statue_mirror

Skill      XL: |  1  2  3  4  5  6  7 |
---------------+----------------------+-----
Stealth        | 3 4 5 6 |  6.3
Short Blades   | 1 2 |  2.4
Conjurations   | 5 |  5.7
Translocations | 1 2 |  2.5
Armour         | 1 |  1.8
Spellcasting   | 3 |  3.1
Dodging        | 3 |  3.0
Fighting       | |  0.7

Action                   |  1- 3 |  4- 6 |  7- 9 || total
-------------------------+-------+-------+-------++-------
Melee: Dagger            |    13 |    21 |     9 ||    43
 Cast: Magic Dart        |    26 |       |       ||    26
       Searing Ray       |     6 |    30 |     8 ||    44
  Use: Potion            |     1 |       |       ||     1
       Scroll            |     3 |     3 |     2 ||     8
 Stab: Sleeping          |    13 |    17 |     6 ||    36
Armor: Robe              |     2 |       |       ||     2
       Leather armour    |     1 |     7 |     3 ||    11
Dodge: Dodged            |     9 |    33 |     9 ||    51
Block: Other             |       |       |     4 ||     4
       Reflection        |       |       |     1 ||     1
